 Dungeon Crawl Stone Soup version 0.22-a0-467-g5c5de1c (webtiles) character file.

148 gmonis the Cudgeler (level 5, -4/45 HPs)
             Began as a Minotaur Berserker on June 10, 2018.
             Was a Believer of Trog.
             Killed by divine providence
             ... invoked by an orc priest
              (12 damage)
             ... on level 3 of the Dungeon.
             The game lasted 00:03:10 (2032 turns).

gmonis the Cudgeler (Minotaur Berserker)            Turns: 2032, Time: 00:03:11

Health: -4/45      AC:  3    Str: 22    XL:     5   Next: 8%
Magic:  4/4        EV: 12    Int:  4    God:    Trog [**....]
Gold:   111        SH:  0    Dex: 10    Spells: 4/4 levels left

rFire    . . .     SeeInvis .   a - +0 mace
rCold    . . .     Gourm    .   (no shield)
rNeg     . . .     Faith    .   b - +0 animal skin
rPois    .         Spirit   .   (helmet restricted)
rElec    .         Reflect  .   (no cloak)
rCorr    .         Harm     .   k - +0 pair of gloves
MR       .....                  (no boots)
Stlth    +.........             (no amulet)
HPRegen  0.15/turn              (no ring)
MPRegen  0.09/turn              (no ring)

@: no status effects
A: retaliatory headbutt, horns 2
a: Berserk, Trog's Hand, Renounce Religion


You were on level 3 of the Dungeon.
You worshipped Trog.
Trog was pleased with you.
You were not hungry.

You visited 1 branch of the dungeon, and saw 3 of its levels.

You collected 111 gold pieces.

Inventory:

Hand Weapons
 a - a +0 mace (weapon)
Missiles
 h - 47 stones (quivered)
Armour
 b - a +0 animal skin (worn)
 k - a +0 pair of gloves (worn)
Scrolls
 d - 4 scrolls of identify {unknown}
 f - a scroll of enchant armour {unknown}
 l - a scroll of teleportation {unknown}
 m - a scroll of magic mapping {unknown}
Potions
 e - a potion of curing {unknown}
 g - a potion of degeneration {unknown}
 i - a potion of agility {unknown}
 j - a potion of ambrosia {unknown}
Comestibles
 c - 3 rations
 n - a chunk of flesh


   Skills:
 - Level 3.6 Fighting
 + Level 7.0 Maces & Flails
 - Level 2.4 Armour
 - Level 2.1 Dodging


You had 4 spell levels left.
You didn't know any spells.
Your spell library was empty.

Dungeon Overview and Level Annotations

Branches:
Dungeon (3/15)

Altars:
Qazlal


Innate Abilities, Weirdness & Mutations

You reflexively headbutt those who attack you in melee.
You have a pair of horns on your head.


Message History

Your Maces & Flails skill increases to level 7!
An orc comes into view. It is wielding a flail.
The orc shouts!
The orc priest hits you with a hand axe!
* * * LOW HITPOINT WARNING * * *
The orc moves out of view.
An orc comes into view. It is wielding a dagger.
You hit the orc priest.
The orc priest is lightly wounded.
The orc priest hits you but does no damage.
The orc barely misses you.
You hit the orc priest. You headbutt the orc priest.
The orc priest is moderately wounded.
The orc priest hits you with a hand axe.
* * * LOW HITPOINT WARNING * * *
You sock the orc priest! Your headbutt misses the orc priest.
The orc priest is almost dead.
The orc priest calls down the wrath of Beogh upon you.
Beogh smites you!
You die...

#.# #.#
#.##
#..########
#.........#
#
#..######.#
#.. #.##
#.#
#...o###.#
#.#
.....oo@.#
#.#
...###.o.#
#.# ##.##
###.# #.#
#...# .#
#.# #.###
.###.## #.#
#...# #.#
...# #.# ##
#..#
#.######


You could see an orc priest and 3 orcs.

Vanquished Creatures
  The ghost of Blackrapter the Gusty, an amateur DrAE (D:3)
  3 adders
  A worm (D:3)
  A dart slug (D:1)
  2 leopard geckos (D:2)
  An orc (D:3)
  3 bats
  3 giant cockroaches
  2 goblins (D:1)
  4 hobgoblins
  5 kobolds
  A quokka (D:2)
  A ball python (D:1)
  3 frilled lizards
  8 rats
39 creatures vanquished.

Notes
Turn   | Place    | Note
-------+----------+-------------------------------------------
     0 | D:1      | gmonis the Minotaur Berserker began the quest for the Orb.
     0 | D:1      | Reached XP level 1. HP: 19/19 MP: 0/0
    83 | D:1      | Reached skill level 4 in Maces & Flails
   290 | D:1      | Reached XP level 2. HP: 25/26 MP: 1/1
   791 | D:2      | Reached skill level 5 in Maces & Flails
  1151 | D:2      | Reached XP level 3. HP: 31/31 MP: 2/2
  1542 | D:2      | Found a stormy altar of Qazlal.
  1890 | D:3      | Noticed Blackrapter's ghost (amateur DrAE)
  1900 | D:3      | Killed Blackrapter's ghost
  1900 | D:3      | Reached skill level 6 in Maces & Flails
  1900 | D:3      | Reached XP level 4. HP: 26/39 MP: 3/3
  2026 | D:3      | Reached XP level 5. HP: 31/45 MP: 4/4
  2028 | D:3      | Reached ** piety under Trog
  2028 | D:3      | Reached skill level 7 in Maces & Flails
  2032 | D:3      | Killed from afar by an orc priest

Vault maps used:
D:1:      scummos_arrival_simple_crosswalls
D:2:      nicolae_qazlal_eye_of_the_storm
D:3:      minitemple, minmay_misc_feat_alley

Skill      XL: |  1  2  3  4  5 |
---------------+----------------+-----
Maces & Flails | 4 5 6 7 |  7.0
Fighting       | |  3.6
Armour         | |  2.4
Dodging        | |  2.1

Action                   |  1- 3 |  4- 6 || total
-------------------------+-------+-------++-------
Melee: Mace              |    77 |    11 ||    88
       Headbutt          |     9 |     2 ||    11
Throw: Stone             |     1 |       ||     1
Invok: Berserk           |     1 |       ||     1
  Eat: Chunk             |     3 |     1 ||     4
Armor: Animal skin       |    12 |     3 ||    15
Dodge: Dodged            |    58 |     2 ||    60

Table legend:
 A = Spawn XP
 B = Non-spawn XP
 C = Spawn XP percentage of total XP
 D = Spawn monster count
 E = Non-spawn monster count
 F = Spawn count percentage of total count
 G = Total turns spent on level
                    A         B        C        D         E        F      G
               +---------+---------+-------+---------+---------+-------+---------
         Total |       0 |     212 |   0.0 |       0 |      39 |   0.0 |  2032
               +---------+---------+-------+---------+---------+-------+---------
           D:1 |       0 |      27 |   0.0 |       0 |      17 |   0.0 |   755
           D:2 |       0 |      51 |   0.0 |       0 |      17 |   0.0 |  1104
           D:3 |       0 |     134 |   0.0 |       0 |       5 |   0.0 |   173
               +---------+---------+-------+---------+---------+-------+---------
